 Dungeon Crawl Stone Soup version 0.30-a0-358-g0d69a1922f (webtiles) character file.

Game seed: 8972951503984831631

10659 ragingrage the Marksspriggan (level 11, -7/46 HPs)
             Began as a Spriggan Hunter on Nov 9, 2022.
             Was a Priest of Hepliaklqana.
             Mangled by a yak (12 damage)
             ... in an ice cave.
             The game lasted 00:12:03 (11229 turns).

ragingrage the Marksspriggan (Spriggan Hunter)     Turns: 11229, Time: 00:12:04

Health: -7/46      AC:  8    Str:  7    XL:     11   Next: 39%
Magic:  13/13      EV: 22    Int: 11    God:    Hepliaklqana [***...]
Gold:   485        SH:  0    Dex: 29    Spells: 10/10 levels left

rFire   x . .      SeeInvis +    a - +0 shortbow
rCold   + . .      Faith    .    (shield currently unavailable)
rNeg    . . .      Spirit   .    J - +3 troll leather armour {Snorg}
rPois   +          Reflect  .    (helmet restricted)
rElec   .          Harm     .    V - +0 cloak {rPois}
rCorr   .          Rampage  .    (gloves unavailable)
Will    +....                    (boots unavailable)
Stlth   +++.......               P - amulet of regeneration
HPRegen 1.87/turn                U - ring of ice
MPRegen 0.13/turn                v - +6 ring of dexterity

@: very quick
A: reduced essence, very small, no large weapons, unfitting armour, see
invisible, speed 3
a: Renounce Religion, Recall Ancestor, Ancestor Identity, Transference


You were in an ice cave.
You worshipped Hepliaklqana.
Hepliaklqana was most pleased with you.
You visited 2 branches of the dungeon, and saw 12 of its levels.
You also visited: Sewer and Ice Cave.

You collected 765 gold pieces.
You spent 280 gold pieces at shops.

Inventory:

Hand Weapons
 a - a +0 shortbow (weapon)
 R - a +0 arbalest
Missiles
 u - 10 poisoned darts
 L - 2 curare-tipped darts
Armour
 J - a +3 troll leather armour (worn) {Snorg}
 Q - the +4 robe of Augmentation {Str+4 Int+4 Dex+4}
   (You found it on level 10 of the Dungeon)

   Str:       It affects your strength (+4).
   Int:       It affects your intelligence (+4).
   Dex:       It affects your dexterity (+4).
 V - a +0 cloak of poison resistance (worn)
Jewellery
 d - a ring of poison resistance
 v - a +6 ring of dexterity (right hand)
 E - a ring of resist corrosion
 M - a ring of magical power
 P - an amulet of regeneration (around neck)
 S - a ring of protection from fire
 U - a ring of ice (left hand)
Wands
 y - a wand of roots (3)
 D - a wand of digging (6)
 F - a wand of flame (10)
 K - a wand of mindburst (2)
 N - a wand of quicksilver (6)
 T - a wand of paralysis (8)
Scrolls
 b - a scroll of immolation
 c - a scroll of enchant armour {unknown}
 e - a scroll of poison {unknown}
 g - 2 scrolls of amnesia {unknown}
 h - 4 scrolls of blinking
 i - 5 scrolls of vulnerability
 j - 6 scrolls of magic mapping
 n - 3 scrolls of enchant weapon
 o - a scroll of torment {unknown}
 q - 4 scrolls of fear
 r - 5 scrolls of identify
 s - a scroll of noise {unknown}
 w - 7 scrolls of teleportation
 C - 2 scrolls of summoning
Potions
 f - 3 potions of heal wounds
 k - 9 potions of curing
 l - 2 potions of degeneration
 m - 2 potions of lignification {unknown}
 p - 2 potions of attraction {unknown}
 t - 4 potions of brilliance
 x - a potion of flight {unknown}
 z - 3 potions of cancellation {unknown}
 A - 2 potions of resistance {unknown}
 B - a potion of haste {unknown}
 G - a potion of experience {unknown}
 H - a potion of might {unknown}
 I - 2 potions of magic {unknown}
 O - a potion of mutation {unknown}


   Skills:
 * Level 3.6 Fighting
 * Level 16.3 Ranged Weapons
 + Level 1.9 Armour
 * Level 5.9 Dodging
 + Level 4.8 Stealth
 + Level 2.6 Invocations
 + Level 3.5 Evocations


You had 10 spell levels left.
You didn't know any spells.
Your spell library contained the following spells:

 Spells                   Type           Power      Damage    Failure   Level
 Slow                     Hex            0%         N/A       45%         1
 Sublimation of Blood     Necr           0%         N/A       61%         2
 Wereblood                Tmut           0%         N/A       61%         2
 Confusing Touch          Hex            0%         N/A       83%         3
 Ozocubu's Armour         Ice            0%         N/A       83%         3
 Summon Guardian Golem    Hex/Summ       0%         N/A       83%         3
 Vampiric Draining        Necr           0%         2d6       83%         3
 Animate Armour           Summ/Erth      0%         N/A       99%         4
 Sticky Flame             Conj/Fire      0%         2d3       99%         4
 Blade Hands              Tmut           0%         N/A       100%        5
 Freezing Cloud           Conj/Ice/Air   0%         6-21      100%        5
 Metabolic Englaciation   Hex/Ice        0%         N/A       100%        5
 Summon Forest            Summ/Tloc      0%         N/A       100%        5
 Summon Mana Viper        Hex/Summ       0%         N/A       100%        5
 Iron Shot                Conj/Erth      0%         9d1       100%        6
 Simulacrum               Ice/Necr       0%         N/A       100%        6
 Summon Cactus Giant      Summ           0%         N/A       100%        6
 Orb of Destruction       Conj           0%         9d5       100%        7
 Spellforged Servitor     Conj/Summ      0%         N/A       100%        7
 Summon Hydra             Summ           0%         N/A       100%        7
 Polar Vortex             Ice            0%         N/A       100%        9


Dungeon Overview and Level Annotations

Branches:
Dungeon (11/15)            Temple (1/1) D:5            Lair (0/5) D:10
  Sewer (visited)           IceCv (1/1)
    Orc: D:9-12

Altars:
Ashenzari
Cheibriados
Dithmenos
Elyvilon
Fedhas
Gozag
Hepliaklqana
Kikubaaqudgha
Makhleb
Nemelex Xobeh
Okawaru
Qazlal
Ru
Sif Muna
Trog
Uskayaw
Vehumet
Wu Jian
Xom
Yredelemnul
Zin
The Shining One

Shops:
D:5 ?(   D:11 (

Annotations:
D:9 3 runed translucent doors, indyram44's ghost, novice DsDe
D:10 exclusion: killer bee


Innate Abilities, Weirdness & Mutations

Your life essence is reduced to manifest your ancestor. (-10% HP)
You are very small and have problems with some larger weapons.
You are too small for most types of armour.
You have supernaturally acute eyesight. (SInv)
You cover ground extremely quickly. (Speed+++)


Message History

The polar bear claws you but does no damage.
The polar bear completely misses you.
You shoot an arrow. The arrow barely misses the polar bear.
The polar bear bites you but does no damage.
The polar bear misses you.
The polar bear claws you but does no damage.
The yak completely misses you.
You shoot an arrow.
The arrow hits the polar bear but does no damage.
The polar bear is almost dead.
The polar bear bites you! The polar bear closely misses you.
The polar bear claws you.
You are too injured to fight recklessly!
You are too injured to fight recklessly!
You are too injured to fight recklessly!
You are too injured to fight recklessly!
You are too injured to fight recklessly!
You are too injured to fight recklessly!
You are too injured to fight recklessly!
You are too injured to fight recklessly!
You are too injured to fight recklessly!
You are too injured to fight recklessly!
You are too injured to fight recklessly!
There are monsters nearby!
Fire: a) +0 shortbow
Press: ? - help, Q - select action, (/) - cycle Shift-Dir - straight line, f/p - polar bear
Aim: a polar bear (almost dead, berserk, 78% to hit)
You shoot an arrow.
The arrow hits the polar bear but does no damage.
The polar bear is almost dead.
The polar bear bites you!! The polar bear closely misses you.
The polar bear misses you. The yak gores you!
* * * LOW HITPOINT WARNING * * *
Fire: a) +0 shortbow
Press: ? - help, Q - select action, (/) - cycle Shift-Dir - straight line, f/p - polar bear
Aim: a polar bear (almost dead, berserk, 78% to hit)
You shoot an arrow. The arrow hits the polar bear.
You kill the polar bear!
The yak gores you!
You die...

#### ##
##..##
##..##....##
#...†......#
.....†.†@∩.#
..##...Y...#
###....##
##..## ####


You could see a yak.

Vanquished Creatures
  Snorg (D:10)
  A centaur warrior (D:11)
  Maggie (D:6)
  An unseen horror (D:11)
  A troll (D:10)
  A polar bear (IceCv)
  A shadow (D:11)
  2 wyverns
  5 yaks
  A ynoxinul (D:9)
  Eustachio (D:6)
  A steam dragon (D:8)
  3 ice beasts
  2 orc warriors
  2 ogres (D:4)
  4 centaurs
  A kobold brigand (D:7)
  5 bullfrogs
  4 scorpions
  A two-headed ogre simulacrum (D:11)
  Dowan (D:6)
  13 killer bees
  4 howler monkeys
  An electric eel (D:10)
  3 hounds
  5 jellies
  Crazy Yiuf (D:7)
  2 gnoll boudas
  8 orc priests
  An iron imp (D:3)
  An iguana (D:4)
  13 orc wizards
  A troll simulacrum (D:11)
  Terence (D:2)
  A spriggan simulacrum (D:11)
  14 gnolls
  2 naga simulacra (D:11)
  7 adders
  A river rat (Sewer)
  2 shadow imps
  A white imp (D:7)
  An ufetubus (D:4)
  5 worms
  5 dart slugs
  40 orcs
  8 endoplasms
  4 giant cockroaches
  7 goblins
  5 hobgoblins
  17 kobolds
  5 quokkas
  12 ball pythons
  8 bats
  6 frilled lizards
  12 rats
257 creatures vanquished.

Vanquished Creatures (collateral kills)
  A two-headed ogre (D:9)
  A gargoyle (D:10)
  A troll (D:9)
  A shadow (D:9)
  7 yaks (D:10)
  Duvessa (D:6)
  An ice beast (D:7)
  2 orc warriors
  A centaur (D:11)
  2 wolves (D:10)
  A kobold brigand (D:10)
  A bullfrog (D:8)
  A howler monkey (D:7)
  2 hounds (D:10)
  An orc priest (D:7)
  An iguana (D:7)
  An orc wizard (D:7)
  A gnoll (D:7)
  4 orcs
  3 kobolds
34 creatures vanquished.

Vanquished Creatures (others)
  A human (D:10)
  A knight (IceCv)
  3 ancestors (D:6)
  2 fungi (D:7)
7 creatures vanquished.

Grand Total: 298 creatures vanquished

Notes
Turn   | Place    | Note
-------+----------+-------------------------------------------
     0 | D:1      | ragingrage the Spriggan Hunter began the quest for the Orb.
     0 | D:1      | Reached XP level 1. HP: 10/10 MP: 2/2
   122 | D:1      | Reached XP level 2. HP: 15/15 MP: 3/3
   537 | D:1      | Reached XP level 3. HP: 18/18 MP: 4/4
   854 | D:2      | Reached skill level 5 in Ranged Weapons
   987 | D:2      | Identified the +9 flail "Satwin" {speed, rElec}
  1035 | D:2      | Noticed Terence
  1058 | D:2      | Killed Terence
  1059 | D:2      | Reached XP level 4. HP: 17/23 MP: 5/5
  1237 | D:2      | Found an iron altar of Okawaru.
  1842 | D:3      | Found an opulent altar of Gozag.
  2139 | D:3      | Found an iron altar of Okawaru.
  2149 | D:3      | Reached skill level 6 in Ranged Weapons
  2241 | D:3      | Found a snail-covered altar of Cheibriados.
  2244 | D:3      | Reached XP level 5. HP: 26/26 MP: 6/6
  2562 | D:4      | Noticed an ice beast
  2571 | D:4      | Killed an ice beast
  2572 | D:4      | Reached skill level 7 in Ranged Weapons
  2572 | D:4      | Reached XP level 6. HP: 18/30 MP: 7/7
  2670 | D:4      | Found a glowing golden altar of the Shining One.
  2695 | D:4      | Became a worshipper of the Shining One
  3082 | D:4      | Found a sacrificial altar of Ru.
  3323 | D:5      | Entered Level 5 of the Dungeon
  3360 | D:4      | Reached skill level 8 in Ranged Weapons
  3360 | D:4      | Reached XP level 7. HP: 34/34 MP: 8/8
  3899 | D:5      | Reached skill level 9 in Ranged Weapons
  4247 | D:5      | Found a staircase to the Ecumenical Temple.
  4252 | Temple   | Entered the Ecumenical Temple
  4391 | Temple   | Fell from the grace of the Shining One
  4391 | Temple   | Became a worshipper of Hepliaklqana the Forgotten
  4488 | D:5      | Found Hukadog's Magic Scroll Boutique.
  4501 | D:5      | Found Nyekof's Antique Weapon Emporium.
  4833 | D:5      | Bought a scroll of blinking for 105 gold pieces
  4833 | D:5      | Bought a scroll of teleportation for 42 gold pieces
  4833 | D:5      | Bought a scroll of summoning for 133 gold pieces
  5077 | D:6      | Noticed Maggie
  5108 | D:6      | Reached skill level 10 in Ranged Weapons
  5108 | D:6      | Reached XP level 8. HP: 39/39 MP: 9/9
  5275 | D:6      | Noticed Eustachio
  5295 | D:6      | Killed Eustachio
  5305 | D:6      | Reached skill level 11 in Ranged Weapons
  5316 | D:6      | Found a glowing drain.
  5317 | D:6      | Noticed Duvessa
  5318 | D:6      | Noticed Dowan
  5325 | Sewer    | Entered a sewer
  5536 | Sewer    | Reached * piety under Hepliaklqana
  5571 | Sewer    | Found a viscous altar of Jiyva.
  5697 | D:6      | Killed Duvessa
  5702 | D:6      | Killed Dowan
  5830 | D:6      | Found a stormy altar of Qazlal.
  5923 | D:6      | Reached skill level 12 in Ranged Weapons
  5936 | D:6      | Reached XP level 9. HP: 24/37 MP: 8/10
  6371 | D:6      | HP: 1/37 [Maggie/+2 long sword of flaming (1)]
  6374 | D:6      | Killed Maggie
  6807 | D:7      | Reached skill level 13 in Ranged Weapons
  6892 | D:7      | Found a glowing silver altar of Zin.
  6904 | D:7      | Reached ** piety under Hepliaklqana
  6905 | D:7      | Remembered your ancestor Citlalmina as a knight
  6999 | D:7      | Found a runed translucent door.
  7000 | D:7      | Noticed Crazy Yiuf
  7137 | D:7      | Found a faded altar of an unknown god.
  7137 | D:7      | Found a shimmering altar of Xom.
  7137 | D:7      | You fall into a shaft and drop 3 floors!
  7137 | D:10     | Entered Level 10 of the Dungeon
  7300 | D:10     | Reached skill level 14 in Ranged Weapons
  7365 | D:10     | Found a staircase to the Lair.
  7368 | D:10     | Noticed a troll
  7379 | D:10     | Killed a troll
  7403 | D:10     | Found the +4 robe of Augmentation {Str+4 Int+4 Dex+4}
  7404 | D:10     | Found an ancient bone altar of Kikubaaqudgha.
  7467 | D:10     | Reached XP level 10. HP: 41/41 MP: 11/11
  7546 | D:10     | Noticed Snorg
  7559 | D:10     | Killed Snorg
  7560 | D:10     | Reached skill level 15 in Ranged Weapons
  7799 | D:9      | Reached *** piety under Hepliaklqana
  7823 | D:9      | Noticed a two-headed ogre
  7836 | D:9      | Killed a two-headed ogre
  7837 | D:9      | Reached skill level 16 in Ranged Weapons
  7837 | D:9      | Reached skill level 1 in Invocations
  7837 | D:9      | Reached skill level 1 in Evocations
  7934 | D:9      | Reached skill level 1 in Armour
  7975 | D:9      | Found a bloodstained altar of Trog.
  8004 | D:9      | Found a shimmering blue altar of Sif Muna.
  8008 | D:9      | Got Sif Muna's Omnibus of Ignition
  8104 | D:9      | Found a runed translucent gate.
  8104 | D:9      | Found a runed translucent gate.
  8104 | D:9      | Found a runed translucent gate.
  8106 | D:9      | Found an opulent altar of Gozag.
  8106 | D:9      | Noticed a centaur warrior
  8108 | D:9      | Noticed indyram44's ghost (novice DsDe)
  8350 | D:9      | Reached XP level 11. HP: 45/45 MP: 13/13
  8852 | D:8      | Reached **** piety under Hepliaklqana
  9218 | D:8      | Found a radiant altar of Vehumet.
  9269 | D:8      | Reached skill level 5 in Dodging
  9613 | D:8      | Identified the +1 helmet of the Lich-sworn {Int+2}
 10217 | D:7      | Found a hide-covered altar of Uskayaw.
 10219 | D:7      | Found a blossoming altar of Fedhas.
 10221 | D:7      | Found a sparkling altar of Nemelex Xobeh.
 10312 | D:7      | Killed Crazy Yiuf
 10477 | D:10     | Identified the +3 falchion of Arrival {spect, rN+ rCorr
                  | Dex+6}
 11057 | D:11     | Found Qinajoeled's Weapon Shop.
 11069 | D:11     | Noticed a centaur warrior
 11078 | D:11     | Killed a centaur warrior
 11182 | D:11     | Found a frozen archway.
 11209 | IceCv    | Entered an ice cave
 11229 | IceCv    | Mangled by a yak

Illustrated notes

Levels and vault maps discovered:
D:1:      lightli_arrival_noodles, layout_loops_ring
D:2:      minmay_spotlight, layout_loops_ring, basic_altar,
          dreamdust_princess_corridor, chequers_serial_rivers_large_a,
          amcnicky_mini_corridor_feature, minivault_5, uniq_terence
D:3:      layout_loops_ring, slow_altar_2, okawaru_gym_becter,
          grunt_gozag_breadcrumbs
D:4:      layout_loops_ring, kennysheep_little_box, mainiacjoe_overflow_24_doors
D:5:      layout_basic, minmay_temple_entry_glassed_door,
          nicolae_wooded_promenade
D:6:      layout_loops_ring, mainiacjoe_overflow_six_doors_small,
          portal_sewer_entry_a, uniq_duvessa, uniq_maggie, uniq_eustachio
D:7:      layout_basic, lemuel_doored_altar,
          chequers_temple_overflow_minitemple, kennysheep_pointless_box,
          uniq_crazy_yiuf_cottage
D:8:      layout_layer_cave, nicolae_vehumet_altar_sigil
D:9:      layout_irregular_city, nzn_overflow_gifts_of_might_and_magic,
          ebering_ghost_gozag
D:10:     layout_roguey, tgw_kikubaaqudgha, erik_lair_island, special_room
          [special_room_bee], uniq_snorg
D:11:     layout_grid_maze, hiddenorc1_lemuel, serial_shops,
          nicolae_shop_bloodbath_and_beyond, portal_ice_cave_entry_ice_simulacra
Temple:   nicolae_temple_superstar
IceCv:    ice_cave_small_giant

Skill      XL: |  1  2  3  4  5  6  7  8  9 10 11 |
---------------+----------------------------------+-----
Stealth        | 2 3 4 |  4.8
Dodging        | 3 4 5 |  5.9
Ranged Weapons | 5 6 7 8 10 12 14 16 | 16.3
Fighting       | 2 3 |  3.6
Invocations    | 1 2 |  2.6
Evocations     | 2 3 |  3.5
Armour         | 1 |  1.9

Action                   |  1- 3 |  4- 6 |  7- 9 | 10-12 || total
-------------------------+-------+-------+-------+-------++-------
 Fire: Shortbow          |   113 |   152 |   446 |   308 ||  1019
Invok: Recall Ancestor   |       |       |     7 |    12 ||    19
       Ancestor Life: Kn |       |       |     1 |       ||     1
  Use: Potion            |       |       |     2 |       ||     2
       Scroll            |       |       |       |     7 ||     7
Armor: Robe              |     2 |     4 |    10 |       ||    16
       Steam dragon scal |       |       |     2 |       ||     2
       Troll leather arm |       |       |       |     9 ||     9
Dodge: Dodged            |    52 |    68 |   150 |    40 ||   310

Table legend: (Time is in decaauts)
 A = Elapsed time spent in this place.
 B = Non-inter-level travel time spent in this place.
 C = Inter-level travel time spent in this place.
 D = Time resting spent in this place.
 E = Time spent auto-exploring this place.
 F = Levels seen in this place.
 G = Mean time per level.
                   A        B        C        D        E       F      G
               +--------+--------+--------+--------+--------+-----+--------+
         Total |   7972 |   7648 |    324 |    921 |   5006 |  14 |  569.4 |
       Dungeon |   7545 |   7245 |    300 |    854 |   4779 |  11 |  685.9 |
        Temple |     92 |     69 |     23 |      0 |     63 |   1 |   92.0 |
         Sewer |    318 |    318 |      0 |     67 |    163 |   1 |  318.0 |
      Ice Cave |     15 |     15 |      0 |      0 |      0 |   1 |   15.0 |
               +--------+--------+--------+--------+--------+-----+--------+

Top non-repeatable levels by time:
     D:6: 962 daAuts
     D:5: 915 daAuts
     D:8: 838 daAuts
     D:4: 813 daAuts
     D:9: 748 daAuts
     D:2: 734 daAuts
    D:10: 612 daAuts
     D:7: 578 daAuts
     D:1: 499 daAuts
     D:3: 476 daAuts
    D:11: 366 daAuts
   Sewer: 318 daAuts
  Temple: 92 daAuts
   IceCv: 15 daAuts
